Cogmind - Beta 14 *** ADVENTURER MODE // 2025.03.22 @ 09:01:05 // Winter2019/RPGLIKE Player: Gallgagger Result: Self-destructed Performance ------------- Evolutions (0) 0 Regions Visited (4) 800 Robots Destroyed (55) 275 Value Destroyed (1955) 1955 Prototype IDs (1) 20 Alien Tech Used (0) 0 Bonus (485) 485 TOTAL SCORE: 3535 Bonus ------- High Alert Combat Kills 185 Registered with UFD 300 Cogmind --------- Core Integrity 38/1100 Matter 300/300 Energy 250/250 System Corruption 0% Temperature Cool (0) Movement Walking (120) Location -9/Scraptown Parts ------- > --- POWER (2+3) ------ Ion Engine > --- PROPULSION (3) --- Improved Aluminum Leg Improved Aluminum Leg Subdweller Monowheel > --- UTILITY (3) ------ Light Armor Plating Makeshift Light Armor Plating Power Bank > --- WEAPON (2) ------- Particle Gun Particle Gun > --- INVENTORY (1) ---- Makeshift Axe Peak State ------------ > --- POWER ------------ Ion Engine Light Ion Engine > --- PROPULSION ------- Subdweller Monowheel Hover Unit > --- UTILITY ---------- Makeshift Light Armor Plating Power Bank > --- WEAPON ----------- Slug Cannon Makeshift Axe > --- INVENTORY -------- Particle Gun [Rating: 26] Favorites ----------- Power Ion Engine Engine Ion Engine Propulsion Hover Unit Leg Improved Aluminum Leg Wheel Subdweller Monowheel Hover Unit Hover Unit Utility Power Bank Device Power Bank Protection Light Armor Plating Weapon Particle Gun Energy Gun Particle Gun Ballistic Gun Assault Rifle Ballistic Cannon Slug Cannon Slashing Weapon Makeshift Axe Build | -11 -10 -10 -9 -9 ------- Run | Yrd Mat Sub Rec Scr Slots Evolved 6 | 4 1 1 . . Power 1 | 1 . . . . Propulsion 2 | 1 1 . . . Utility 2 | 1 . 1 . . Weapon 1 | 1 . . . . Parts Attached 24 | 4 6 10 4 . Power 2 | 2 . . . . Engine 2 | 2 . . . . Core . | . . . . . Reactor . | . . . . . Propulsion 6 | . 3 1 2 . Treads . | . . . . . Leg 2 | . . . 2 . Wheel 1 | . . 1 . . Hover 3 | . 3 . . . Flight . | . . . . . Utility 6 | . 1 4 1 . Device 1 | . . 1 . . Storage . | . . . . . Processor . | . . . . . Hackware . | . . . . . Protection 5 | . 1 3 1 . Artifact . | . . . . . Weapon 10 | 2 2 5 1 . Energy Gun 3 | . 1 1 1 . Energy Cannon . | . . . . . Ballistic Gun 3 | 2 . 1 . . Ballistic Cannon 3 | . 1 2 . . Launcher . | . . . . . Special Weapon . | . . . . . Impact Weapon . | . . . . . Slashing Weapon 1 | . . 1 . . Piercing Weapon . | . . . . . Special Melee Weapon . | . . . . . Unidentified Prototypes 1 | . . 1 . . Parts Lost 5 | . . 5 . . Power 1 | . . 1 . . Propulsion 3 | . . 3 . . Utility 1 | . . 1 . . Weapon . | . . . . . Highest Loss Streak 2 | . . 2 . . To Critical Strikes . | . . . . . Average Slot Usage (%) 66 | . 78 60 61 69 Engine 13 | . 23 15 7 7 Leg 5 | . . . 9 15 Wheel 3 | . . 1 7 7 Hover 11 | . 26 16 . . Device 4 | . . 6 7 7 Protection 9 | . 4 7 12 15 Energy Gun 9 | . 9 2 12 15 Ballistic Gun 4 | . 13 1 2 . Ballistic Cannon 1 | . . 5 . . Peak Build Rating 26 | 4 9 26 26 25 Average Rating 18 | 3 7 18 23 25 On Entrance 11 | . 4 9 21 25 Naked Turns . | . . . . . Heaviest Build 25 | 12 17 25 21 21 Greatest Support 36 | 13 28 30 36 36 Greatest Overweight (x) 1 | . . 1 . . Average Overweight (x) . | . . . . . Largest Inventory Capacity 1 | 1 1 1 1 1 Average Capacity 1 | 1 1 1 1 1 Most Carried 1 | . 1 1 1 1 Average Carried . | . . . 1 1 Final Capacity 1 | 1 1 1 1 1 Final Carried 1 | . 1 1 1 1 Class Distribution -------------------- 57% | Mutant 39% | Commander-Mutant Dominant Class ---------------- Mutant | -10/Materials Mutant | -10/Subcaves Commander-Mutant | -9/Recycling Commander-Mutant | -9/Scraptown Resources | -11 -10 -10 -9 -9 ----------- Run | Yrd Mat Sub Rec Scr Matter Collected 1295 | 240 320 601 94 40 Remotely . | . . . . . Salvage Created 1675 | . 929 399 347 . Parts 103 | . 67 24 12 . Haulers Intercepted . | . . . . . Recyclers Shooed . | . . . . . Parts Field Recycled . | . . . . . Retrieved Matter . | . . . . . Parts Self-Destructed 20 | . . 20 . . Prevented . | . . . . . Kills | -11 -10 -10 -9 -9 ------- Run | Yrd Mat Sub Rec Scr Combat Hostiles Destroyed 49 | . 27 17 5 . Melee 2 | . . 2 . . Guns 37 | . 27 5 5 . Cannons 10 | . . 10 . . Classes Destroyed 10 | . 5 3 2 . Worker 1 | . 1 . . . Tunneler 1 | . 1 . . . Turret 2 | . . 2 . . Watcher 3 | . 3 . . . Swarmer 7 | . 3 4 . . Grunt 26 | . 24 2 . . Duelist 1 | . . . 1 . Sentry 4 | . . 1 3 . Programmer 1 | . . . 1 . Subdweller 10 | . . 10 . . Best Kill Streak 5 | . 5 4 2 . Combat Bots Only 5 | . 5 2 2 . Max Kills in Single Turn 1 | . 1 1 1 . Gunslinging . | . . . . . Exploded . | . . . . . Melee 1 | . . 1 . . Uniques/NPCs Destroyed . | . . . . . Combat | -11 -10 -10 -9 -9 -------- Run | Yrd Mat Sub Rec Scr Hostile Shots Fired 282 | . 97 167 18 . Missed 84 | . 29 49 6 . Damage Taken 2167 | . 642 1372 153 . Core 1658 | . 492 1049 117 . Absorbed by Shields . | . . . . . Redirected to Core 1252 | . 439 744 69 . Ignored by Resistances 624 | . 193 390 41 . Core Remaining (%) 100 | 100 . . . . Volleys Fired 207 | . 101 93 13 . Largest 2 | . 2 2 2 . Hottest 130 | . 85 100 130 . Shots Fired 324 | . 176 122 26 . Gun 227 | . 152 49 26 . Cannon 97 | . 24 73 . . Launcher . | . . . . . Special . | . . . . . Kinetic 220 | . 115 93 12 . Thermal 104 | . 61 29 14 . Explosive . | . . . . . Electromagnetic . | . . . . . Robot Hit Streak 22 | . 12 22 13 . Robot Miss Streak 5 | . 5 2 1 . Penetration Max . | . . . . . Secondary Targets 2 | . 2 . . . Max Gunslinging Chain 1 | . 1 . . . Shots Hit Robots 214 | . 108 87 19 . Core Hits 86 | . 51 27 8 . Critical Kills 4 | . . 4 . . Critical Parts Destroyed . | . . . . . Critical Strikes 7 | . . 7 . . Destroy 6 | . . 6 . . Blast 1 | . . 1 . . Melee Attacks 12 | . . 12 . . Impact . | . . . . . Slashing 12 | . . 12 . . Piercing . | . . . . . Sneak Attacks . | . . . . . Combat Hostiles . | . . . . . Follow-up Attacks . | . . . . . Damage Inflicted 3928 | . 1565 2013 350 . Guns 2477 | . 1545 582 350 . Cannons 1077 | . . 1077 . . Explosions . | . . . . . Melee 354 | . . 354 . . Ramming 20 | . 20 . . . Kinetic 2280 | . 779 1320 181 . Thermal 1274 | . 766 339 169 . Explosive . | . . . . . Electromagnetic . | . . . . . Impact . | . . . . . Slashing 354 | . . 354 . . Piercing . | . . . . . Highest Corruption . | . . . . . Average Corruption . | . . . . . Corruption Purged . | . . . . . Corruption Blocked . | . . . . . Overload Shots . | . . . . . Overflow Damage . | . . . . . Projectiles . | . . . . . Explosions . | . . . . . Melee . | . . . . . Knockbacks 12 | . . 12 . . Impact . | . . . . . Kinetic 12 | . . 12 . . Secondary . | . . . . . Self-Inflicted Damage 10 | . 10 . . . Shots . | . . . . . Rammed 1 | . 1 . . . Targets Rammed 1 | . 1 . . . Kicked . | . . . . . Crushed . | . . . . . Highest Temperature 16 | . 7 . 16 . Average Temperature 11 | . 7 . 16 . Received Heat Transfer 930 | . 411 465 54 . Siege Activations . | . . . . . Robots Corrupted . | . . . . . Combat Hostiles . | . . . . . Parts Fried 1 | . 1 . . . Impact Corruptions 1 | . 1 . . . Robots Melted . | . . . . . Combat Hostiles . | . . . . . Parts Melted 1 | . . 1 . . Heat Transferred 2997 | . 1850 777 370 . Parts Sabotaged . | . . . . . Parts Stolen . | . . . . . Parts Stripped . | . . . . . Power Chain Reactions . | . . . . . Alert | -11 -10 -10 -9 -9 ------- Run | Yrd Mat Sub Rec Scr Peak Influence 872 | . 872 . 298 . Initial 75 | . . . 75 . Average 278 | . 478 . 118 . Maximum Alert Level 3 | . 3 . 1 . Low Security (%) 50 | 100 15 . 78 . Level 1 21 | . 22 . 21 . Level 2 20 | . 45 . . . Level 3 7 | . 16 . . . Level 4 . | . . . . . Level 5 . | . . . . . High Security . | . . . . . Max Security . | . . . . . Squads Dispatched 8 | . 8 . . . Investigation 8 | . 8 . . . Extermination . | . . . . . Reinforcement . | . . . . . Assault . | . . . . . Garrison . | . . . . . Intercept . | . . . . . Searches Triggered . | . . . . . Construction Impeded . | . . . . . Haulers Reinforced . | . . . . . Active Scanning Responses . | . . . . . Cargo Convoy Interrupts . | . . . . . Stealth | -11 -10 -10 -9 -9 --------- Run | Yrd Mat Sub Rec Scr Distress Signals . | . . . . . Communications Jammed . | . . . . . Distress Signals . | . . . . . Times Spotted 66 | . 37 25 4 . Peak Tracking Total 6 | . 5 6 2 . Tactical Retreats 6 | . 4 2 . . Traps | -11 -10 -10 -9 -9 ------- Run | Yrd Mat Sub Rec Scr Traps Triggered 3 | . 2 1 . . Indirectly . | . . . . . Trap Hack Attempts . | . . . . . Triggered . | . . . . . Disarmed . | . . . . . Reprogrammed . | . . . . . Reused . | . . . . . Traps Extracted . | . . . . . Installed . | . . . . . Triggered . | . . . . . Machines | -11 -10 -10 -9 -9 ---------- Run | Yrd Mat Sub Rec Scr Machines Disabled 2 | . . 2 . . Max in Single Turn 1 | . . 1 . . Machines Repaired . | . . . . . Machines Dismantled . | . . . . . Machines Sabotaged 3 | . 3 . . . Overloaded Fab Kills . | . . . . . Hacking | -11 -10 -10 -9 -9 --------- Run | Yrd Mat Sub Rec Scr Machines Accessed 16 | . 9 1 6 . Terminals 7 | . 7 . . . Fabricators . | . . . . . Repair Stations . | . . . . . Recycling Units 8 | . 2 . 6 . Scanalyzers . | . . . . . Garrison Access . | . . . . . Total Hacks 22 | . 12 4 6 . Successful 19 | . 9 4 6 . Failed 3 | . 3 . . . Catastrophic . | . . . . . Database Lockouts . | . . . . . Manual 19 | . 13 . 6 . Terminals 10 | . 10 . . . Fabricators . | . . . . . Repair Stations . | . . . . . Recycling Units 8 | . 2 . 6 . Scanalyzers . | . . . . . Garrison Access . | . . . . . Terminal Hacks 4 | . . 4 . . Record 4 | . . 4 . . Fabricator Hacks . | . . . . . Repair Station Hacks . | . . . . . Recycling Unit Hacks . | . . . . . Scanalyzer . | . . . . . Garrison Access Hacks . | . . . . . Unauthorized Hacks 15 | . 9 . 6 . Terminals 7 | . 7 . . . Botnet 2 | . 2 . . . Sabotage 5 | . 5 . . . Fabricators . | . . . . . Repair Stations . | . . . . . Recycling Units 8 | . 2 . 6 . Tunnel 8 | . 2 . 6 . Scanalyzers . | . . . . . Garrison Access . | . . . . . Data Cores Recovered . | . . . . . Used . | . . . . . Hacking Detections 1 | . 1 . . . Full Trace Events . | . . . . . Feedback Events . | . . . . . Feedback Blocked . | . . . . . Robot Schematics Acquired . | . . . . . Robots Built . | . . . . . Authchips . | . . . . . Time . | . . . . . Total Robot Build Rating . | . . . . . Part Schematics Acquired . | . . . . . Parts Built . | . . . . . Authchips . | . . . . . Time . | . . . . . Total Part Build Rating . | . . . . . Parts Repaired . | . . . . . Time . | . . . . . Parts Recycled . | . . . . . Recycled Matter . | . . . . . Retrieved Matter . | . . . . . Retrieved Components . | . . . . . Parts Scanalyzed . | . . . . . Part Schematics Acquired . | . . . . . Parts Damaged . | . . . . . Bothacking | -11 -10 -10 -9 -9 ------------ Run | Yrd Mat Sub Rec Scr Used RIF Installer . | . . . . . Robots Hacked . | . . . . . Non-combat . | . . . . . Combat . | . . . . . Robot Hacks Applied . | . . . . . Relay Couplers Released . | . . . . . Fabnet Peak Effective % . | . . . . . Robots Rewired 5 | . . . 5 . Allies Hacked . | . . . . . Hacks Repelled . | . . . . . Allies | -11 -10 -10 -9 -9 -------- Run | Yrd Mat Sub Rec Scr Total Allies 5 | . . . 5 . Largest Group 5 | . . . 5 5 Highest-Rated Group 90 | . . . 90 90 Highest-Rated Ally 34 | . . . 34 34 Total Orders 2 | . . . 2 . STAY 1 | . . . 1 . FOLLOW 1 | . . . 1 . Ally Attacks . | . . . . . Total Damage . | . . . . . Kills . | . . . . . Allies Corrupted . | . . . . . Allies Melted . | . . . . . Intel | -11 -10 -10 -9 -9 ------- Run | Yrd Mat Sub Rec Scr Robot Analysis Total . | . . . . . Derelict Logs Recovered 1 | . . 1 . . Drone Launches . | . . . . . Drone Recoveries . | . . . . . Exploration | -11 -10 -10 -9 -9 ------------- Run | Yrd Mat Sub Rec Scr Turns Passed 3572 | 30 945 895 1130 572 Spaces Moved 3273 | 48 961 946 842 476 Core 133 | 48 85 . . . Treads . | . . . . . Legs 1040 | . . . 564 476 Wheels 397 | . . 119 278 . Hover 1703 | . 876 827 . . Flight . | . . . . . Fastest Speed 50 | 50 50 52 110 120 Average Speed 81 | 50 53 61 116 120 Slowest Speed 120 | 50 60 120 120 120 Overloaded Moves . | . . . . . Propulsion Burnouts . | . . . . . Robots Hopped . | . . . . . Cave-ins Triggered . | . . . . . Exploration Rate (%) 63 | 3 95 74 97 48 Regions Visited 4 Branch Regions 3 Pre-discovered Areas 9 | . 2 1 6 . Known Exits Taken . | . . . . . Unknown Exits Taken 4 | 1 1 1 1 . Scrap Searched 25 | . . 24 . 1 Spaces Dug . | . . . . . Terrain Destroyed 6 | . 1 5 . . Melee . | . . . . . Projectile 6 | . 1 5 . . AOE . | . . . . . Terrain Rammed . | . . . . . Walls Destroyed . | . . . . . Machines Disabled . | . . . . . Actions | -11 -10 -10 -9 -9 --------- Run | Yrd Mat Sub Rec Scr Total 3815 | 51 1207 1119 962 476 Wait 213 | . 109 44 60 . Move 3269 | 47 960 945 841 476 Hop . | . . . . . Pick Up 2 | . 1 1 . . Fast Attach 19 | 4 4 8 3 . Attach . | . . . . . Detach . | . . . . . Swap 5 | . 2 2 1 . Drop 6 | . . 6 . . Fire 207 | . 101 93 13 . Melee 12 | . . 12 . . Ram 1 | . 1 . . . Kick . | . . . . . Crush . | . . . . . Escape Stasis . | . . . . . Rewire 44 | . . . 44 . Trap . | . . . . . Miscellaneous 37 | . 29 8 . . Route ------- -11/Scrapyard -10/Materials (discovered 5 exits: [*Mat x3] / [*Min] / *Sub) -10/Subcaves (discovered 3 exits: *Mat x2 / *Rec) -9/Recycling (discovered 2 exits: [*Fac] / [*Scr]) -9/Scraptown History --------- Turn | Location | Event 1 | -11/Scrapyard | Upgraded with Power slot (x1) 1 | -11/Scrapyard | Upgraded with Propulsion slot (x1) 1 | -11/Scrapyard | Upgraded with Utility slot (x1) 1 | -11/Scrapyard | Upgraded with Weapon slot (x1) 10 | -11/Scrapyard | Discovered new exit (range 16) 31 | -11/Scrapyard | Entered Materials 143 | -10/Materials | Discovered new exit (range 12) 195 | -10/Materials | Discovered new exit (range 11) 279 | -10/Materials | Discovered new exit (range 15) 304 | -10/Materials | Build established: Mutant 349 | -10/Materials | Reached level 2 372 | -10/Materials | Discovered new exit (range 15) 564 | -10/Materials | Upgraded with Propulsion slot (x1) 578 | -10/Materials | Reached level 3 766 | -10/Materials | Reached level 4 975 | -10/Materials | Discovered new exit (range 2) 976 | -10/Materials | Entered Subcaves 979 | -10/Subcaves | Identified exit to Materials 1086 | -10/Subcaves | Visited 4L-MR0's lab 1093 | -10/Subcaves | Found Prototype Device 1093 | -10/Subcaves | Identified Power Bank 1094 | -10/Subcaves | Attached Power Bank, gained temporary slots: Power x3 1109 | -10/Subcaves | Upgraded with Utility slot (x1) 1208 | -10/Subcaves | Core integrity fell below 50% 1323 | -10/Subcaves | A swath of the cavern ceiling suddenly collapsed 1365 | -10/Subcaves | Core integrity fell below 20% 1435 | -10/Subcaves | Disturbed a concealed Subdweller 1508 | -10/Subcaves | Shifting Twisted Machinery released Sub. Monowheel 1516 | -10/Subcaves | A swath of the cavern ceiling suddenly collapsed 1519 | -10/Subcaves | Discovered exit to Materials (range 11) 1523 | -10/Subcaves | Shifting Twisted Machinery released Shrapnel Trap 1546 | -10/Subcaves | Shifting Twisted Machinery released Flamer 1562 | -10/Subcaves | Shifting Twisted Machinery released Sub. Machine Gun 1636 | -10/Subcaves | Ambushed by Subdwellers from Twisted Machinery 1646 | -10/Subcaves | Shifting Twisted Machinery released Barrage Gun 1774 | -10/Subcaves | Visited Clippyterm 1778 | -10/Subcaves | Learned location of Deep Caves (-6) 1778 | -10/Subcaves | Learned Factory garrison access intel 1792 | -10/Subcaves | Discovered new exit (range 13) 1798 | -10/Subcaves | Reached level 5 1871 | -10/Subcaves | Entered Recycling 1914 | -9/Recycling | Reached level 6 2236 | -9/Recycling | Discovered new exit (range 15) 2456 | -9/Recycling | Build established: Commander-Mutant 2654 | -9/Recycling | Scanned before Scraplab entrance 2963 | -9/Recycling | Entered Scraplab 2972 | -9/Recycling | Discovered new exit (range 2) 3001 | -9/Recycling | Entered Scraptown 3001 | -9/Scraptown | Accompanied by 5 allies 3003 | -9/Scraptown | Reached level 7 3096 | -9/Scraptown | Visited UFD Registry 3096 | -9/Scraptown | Registered with UFD as "Arcbomber" 3113 | -9/Scraptown | Visited The Evicted 3129 | -9/Scraptown | Visited Cyclists 3168 | -9/Scraptown | Visited Symbiants 3185 | -9/Scraptown | Visited TADAMA 3249 | -9/Scraptown | Visited Research Penetration Think Tank 3294 | -9/Scraptown | Visited Chapter 10 3328 | -9/Scraptown | Visited A0-MCA Data Center 3346 | -9/Scraptown | Visited Derelict Rescue Squad 3361 | -9/Scraptown | Visited Abandonware Association 3378 | -9/Scraptown | Visited Observation Area 3397 | -9/Scraptown | Visited Junk Repository 3418 | -9/Scraptown | Visited LU-1G1's Boring Crew 3439 | -9/Scraptown | Visited Supply Room 3573 | -9/Scraptown | Self-destructed Last Messages --------------- can't beat 'em, join 'em to beat 'em. 03312_ LOCAL NARROWCAST: Closed for remodeling. 03328_ LOCAL NARROWCAST: A0-MCA Data Center. 03346_ LOCAL NARROWCAST: Derelict Rescue Squad. Who you gonna call? 03361_ LOCAL NARROWCAST: Abandonware Association. Hack the planet. 03378_ LOCAL NARROWCAST: Observation Area. 03397_ LOCAL NARROWCAST: Repository. 03418_ LOCAL NARROWCAST: LU-1G1's Boring Crew. We dig so you don't have to. 03439_ LOCAL NARROWCAST: Supplies. 03454_ MF-EME(p) scrutinizes some mainframe outputs. 03544_ Searching scrap... 03544_ Found Med. Matter Pod. 03544_ Found 67 Matter. 03545_ Acquired 40 matter. 03571_ Multiple signs read "I'm always busy, go away." Map ----- +----------------------------------------------------+ | """""""""""""""""""""""""" | | """""""""""""""""""""""""" | | | | | | | | #""""#" | | #????#" | | #????#"""""" """"""""""" """"""""""" " | | ###### ####????####### ########### ########### # | | ?????# #???????????#" #??? ???????"""" | | ?????# #???????????#"" "#?# "???# | | ???# #???????????#"" ## ""#??#""" | | ""??# #???????????#"" "## """"#??#" | | """??# #???????????#"" "## " ""#??#""" " | | ""??# #???????????#""""" ""## """"#??#""" " | | ???# #???????????#""""""""## ""#???? " | | ? "??# #???????????########### ""??????""" | | ??"??# #?????????????????????## " ? ???????### | | ?????# #??????????????????????""""""?"?????????? | | ?????# #??????????????????????######???????????? | | ?????? ????????????????????????????????????????? | | ?????????????????######??####################?#### | | ?????????????????? ?#"""##"""##"""##"""##"""# | | ??????????????????""""" ## ""## ""##" "##"""##"" # | | ??????????????????""""" | | ??????????????????""""" @ d | | ??????????????????""""" s ll ! | | ??????????????????""""" ##"""##"""##"" ##" "##%%%# | | ?????????????????? ?#"""##"""##"""##"""##"""# | | ?????????????????######??####???????############## | | ?????????????????????????????????????????????????? | | ?????????????????????????????????????????????????? | | ?????????????????????????????????????????????????? | | ?????????????????????????????????????????????????? | | ?????????????????????????????????????????????????? | | ?????????????????????????????????????????????????? | | ?????????????????????????????????????????????????? | | ?????????????????????????????????????????????????? | | ?????????????????????????????????????????????????? | | ?????????????????????????????????????????????????? | | ?????????????????????????????????????????????????? | | ?????????????????????????????????????????????????? | | ?????????????????????????????????????????????????? | | ?????????????????????????????????????????????????? | | | | | | | | | | | | | +----------------------------------------------------+ Best States ------------- Heat Dissipation 67 Energy Generation 15 Energy Capacity 275 Matter Stores 300 Matter Capacity 300 Sight Range 16 Terrain Scan Density 10 Armor Coverage 250 Resistance: KI 20 Resistance: TH 20 Resistance: EX 20 Resistance: EM 20 Resistance: I 20 Resistance: S 20 Resistance: P 20 Evasion (%) 55 Offensive Hacking 10 Item Schematics ----------------- None Robot Schematics ------------------ None Fabricated ------------ Nothing Alien Tech Used ----------------- None Achievements -------------- None Challenges ------------ None RPGLIKE | -11 -10 -10 -9 -9 --------- Run | Yrd Mat Sub Rec Scr Levels Raised 6 | . 3 1 1 1 XP Earned 13435 | 4000 4544 1826 2415 650 XP Spent 7420 | 3720 2200 1280 220 . Upgrades 30 | 14 5 9 2 . Power Slot 1 | 1 . . . . Propulsion Slot 2 | 1 1 . . . Utility Slot 2 | 1 . 1 . . Weapon Slot 1 | 1 . . . . Core Integrity 10 | . . 8 2 . Heat Dissipation 7 | 7 . . . . Mass Support 2 | 2 . . . . Inventory Capacity 1 | 1 . . . . KI Damage % 2 | . 2 . . . TH Damage % 2 | . 2 . . . Protomatter Created 378 | . 312 66 . . Integrity Restored 694 | . 523 171 . . Core 596 | . 425 171 . . Parts 98 | . 98 . . . Protomatter Decayed 152 | . 133 19 . . Game ------ Seed ShadingSurveybotTearclaws Manual? 0 Play Time 00:24:43 Cumulative 279.2 hours Start 2025.03.22 @ 08:37:39 End 2025.03.22 @ 09:01:05 Sessions 1 Manual Loads 0 Difficulty Adventurer Special Mode Winter2019/RPGLIKE Game No. 115 Rogue 0 Adventurer 115 Explorer 0 Win Type - Total 11 Types 2/2/3/2/1/0/0/0/1 Lore% 81 Gallery% 76 Achievement% 78 Wizard Run 0 Options --------- Layout 2 ASCII 0 Keyboard 0 Movement Numpad Keybinds 0 Fullscreen 2 Font 24/Smallcaps Map View 50x44 Zoom Use 0% Tactical HUD 1 Map Filters NONE Filters NONE Steam 1 RUN: a8b5fd40-0b37-4199-a6c3-14007518ad62